 Dungeon Crawl Stone Soup version 0.30-a0-613-gdd512c7efb (webtiles) character file.

Game seed: 9138179864646185747

1543070 oldriver the Conqueror (level 27, 199/199 HPs)
             Began as a Formicid Wanderer on Jan 9, 2023.
             Was a High Priest of Nemelex Xobeh.
             Escaped with the Orb
             ... and 3 runes!
             The game lasted 03:21:54 (84733 turns).

oldriver the Conqueror (Formicid Wanderer)         Turns: 84733, Time: 03:21:54

Health: 199/199    AC: 34    Str: 29    XL:     27
Magic:  29/29      EV: 21    Int: 17    God:    Nemelex Xobeh [*****.]
Gold:   2855       SH: 24    Dex: 15    Spells: 29/30 levels left

rFire   + + .      SeeInvis +    a - +8 demon trident "Rift" {distort, reach+}
rCold   + + +      Faith    .    b - +2 tower shield {rN+}
rNeg    + + .      Spirit   .    t - +1 storm dragon scales
rPois   +          Reflect  .    (helmet unavailable)
rElec   +          Harm     .    K - +1 cloak of Starlight {*Dazzle EV+4 Stlth--}
rCorr   +          Rampage  +    w - +2 pair of gloves {Stlth+}
Will    ++++.                    v - +2 pair of boots {rampage}
Stlth   +                        l - amulet of Werhyz {rPois rC++ Will+ Regen+}
HPRegen 1.33/turn                q - ring "Woso" {rF+ rC+ rCorr Str-3 Int+3}
MPRegen 0.21/turn                n - ring of the Messenger {rC- rN+ Will+ Str+5}

@: resistant, studying 2 skills
A: permanent stasis, dig shafts and tunnels, antennae 3, four strong arms, fangs
1, deterioration 2, frail 2, low MP 2, poison resistance, screaming 2, subdued
magic 1
0: Orb of Zot
}: 3/15 runes: serpentine, barnacled, silver
a: Dig, Shaft Self, Renounce Religion, Draw Escape, Draw Destruction, Draw
Summoning, Draw Stack, Triple Draw, Deal Four, Stack Five


You escaped.
You worshipped Nemelex Xobeh.
Nemelex Xobeh was extremely pleased with you.
You visited 12 branches of the dungeon, and saw 52 of its levels.
You visited 1 bazaar.
You also visited: Ice Cave and Wizlab.

You collected 6898 gold pieces.
You spent 4043 gold pieces at shops.

Inventory:

Hand Weapons
 a - the +8 demon trident "Rift" (weapon) {distort, reach+}
   (You took it off a deep elf sorcerer on level 3 of the Elven Halls)

   It can reach especially far, and its reaching attacks ignore other creatures
   in the way.
Missiles
 y - 3 boomerangs of dispersal
 S - 45 boomerangs (quivered)
 V - 17 javelins
Armour
 b - a +2 tower shield of positive energy (worn)
 t - +1 storm dragon scales (worn)
 v - a +2 pair of boots of rampaging (worn)
 w - a +2 pair of gloves of stealth (worn)
 K - the +1 cloak of Starlight (worn) {*Dazzle EV+4 Stlth--}
   (You acquired it on level 13 of the Dungeon)

   It may blind those who miss an attack against the wearer in melee combat.
   EV:        It affects your evasion (+4).
   Stlth:     It makes you much less stealthy.
Jewellery
 l - the amulet of Werhyz (around neck) {rPois rC++ Will+ Regen+}
   (You bought it in a shop on level 2 of the Depths)

   [amulet of regeneration]

   rC:        It greatly protects you from cold.
   rPois:     It protects you from poison.
   Regen:     It increases your rate of health regeneration.
   Will:      It increases your willpower.
 n - the ring of the Messenger (right hand) {rC- rN+ Will+ Str+5}
   (You bought it in a shop in a bazaar)

   [ring of willpower]

   Str:       It affects your strength (+5).
   rC:        It makes you vulnerable to cold.
   rN:        It protects you from negative energy.
   Will:      It increases your willpower.
 q - the ring "Woso" (left hand) {rF+ rC+ rCorr Str-3 Int+3}
   (You found it on level 3 of the Depths)

   [ring of resist corrosion]

   Str:       It affects your strength (-3).
   Int:       It affects your intelligence (+3).
   rF:        It protects you from fire.
   rC:        It protects you from cold.
   rCorr:     It protects you from acid and corrosion.
 A - the ring "Keptam" {Fly MP+9 AC+4 Int+7}
   (You found it on level 5 of the Lair of Beasts)

   [ring of protection]

   AC:        It affects your AC (+4).
   Int:       It affects your intelligence (+7).
   MP:        It affects your magic capacity (+9).
   Fly:       It grants you flight.
 J - the ring of Guxifiru {rF+ rC++ MP+9 Int-4 Dex+6}
   (You found it on level 5 of the Vaults)

   [ring of dexterity]

   Int:       It affects your intelligence (-4).
   Dex:       It affects your dexterity (+6).
   rF:        It protects you from fire.
   rC:        It greatly protects you from cold.
   MP:        It affects your magic capacity (+9).
 O - a ring of fire
Wands
 d - a wand of acid (25)
 x - a wand of digging (3)
 z - a wand of polymorph (6)
 C - a wand of flame (103)
 F - a wand of roots (30)
 I - a wand of mindburst (6)
 U - a wand of charming (42)
Scrolls
 c - 5 scrolls of fear
 f - 3 scrolls of magic mapping
 g - 15 scrolls of fog
 p - 4 scrolls of silence
 D - 5 scrolls of amnesia
 H - 4 scrolls of summoning
 M - a scroll of enchant weapon
 N - a scroll of brand weapon
 P - 12 scrolls of poison
Potions
 e - 2 potions of resistance
 h - 28 potions of curing
 k - 18 potions of heal wounds
 m - 3 potions of invisibility
 r - 7 potions of flight
 u - 2 potions of brilliance
 B - a potion of might
 G - 2 potions of ambrosia
 W - 3 potions of mutation
 Y - 4 potions of cancellation
 Z - a potion of magic
Miscellaneous
 i - a lightning rod (4/4)
 j - a box of beasts
 o - a condenser vane (inert)
 s - the horn of Geryon
 E - a phial of floods
 L - a tin of tremorstones (2/2)
 R - a phantom mirror (inert)


   Skills:
 O Level 27 Fighting
 - Level 14.9 Long Blades
 - Level 14.0 Polearms
 - Level 3.1 Throwing
 + Level 25.7 Armour
 - Level 17.0 Dodging
 - Level 13.0 Stealth
 - Level 21.0 Shields
 - Level 2.1 Spellcasting
 - Level 4.0 Earth Magic
 + Level 19.3 Invocations
 - Level 14.0 Evocations


You had 29 spell levels left.
You knew the following spells:

 Your Spells              Type           Power      Damage    Failure   Level
a - Sandblast             Erth           22%        2d7       11%         1

Your spell library contained the following spells:

 Spells                   Type           Power      Damage    Failure   Level
 Apportation              Tloc           2%         N/A       52%         1
 Foxfire                  Conj/Fire      4%         2x1d4     52%         1
 Freeze                   Ice            4%         1d3       52%         1
 Kiss of Death            Conj/Necr      4%         2d5       52%         1
 Magic Dart               Conj           4%         1d3       52%         1
 Necrotise                Necr           4%         1d4       52%         1
 Shock                    Conj/Air       4%         1d3       52%         1
 Sting                    Tmut/Pois      4%         1d3       52%         1
 Summon Small Mammal      Summ           4%         N/A       52%         1
 Stone Arrow              Conj/Erth      12%        3d7       61%         3
 Call Imp                 Summ           1%         N/A       67%         2
 Cigotuvi's Dreadful Rot  Necr/Pois/Air  2%         N/A       67%         2
 Poisonous Vapours        Pois/Air       2%         N/A       67%         2
 Scorch                   Fire           2%         2d5       67%         2
 Searing Ray              Conj           2%         2d4       67%         2
 Call Canine Familiar     Summ           1%         N/A       88%         3
 Dazzling Flash           Conj/Hex       2%         N/A       88%         3
 Frozen Ramparts          Ice            2%         1d1       88%         3
 Gell's Gravitas          Tloc           1%         N/A       88%         3
 Hailstorm                Conj/Ice       1%         3d3       88%         3
 Ignite Poison            Fire/Tmut/Pois 1%         N/A       88%         3
 Inner Flame              Hex/Fire       1%         N/A       88%         3
 Kindle Blastsparks       Fire/Tloc/Air  2%         2d10      88%         3
 Lesser Beckoning         Tloc           2%         N/A       88%         3
 Mephitic Cloud           Conj/Pois/Air  1%         N/A       88%         3
 Ozocubu's Armour         Ice            1%         N/A       88%         3
 Summon Guardian Golem    Hex/Summ       1%         N/A       88%         3
 Teleport Other           Tloc           1%         N/A       88%         3
 Tukima's Dance           Hex            1%         N/A       88%         3
 Leda's Liquefaction      Hex/Erth       3%         N/A       95%         4
 Petrify                  Tmut/Erth      6%         N/A       95%         4
 Lee's Rapid Deconstruct  Erth           5%         3d6*      98%         5
 Airstrike                Air            0%         2d(1-17)  99%         4
 Anguish                  Hex/Necr       0%         N/A       99%         4
 Cause Fear               Hex            0%         N/A       99%         4
 Dispel Undead            Necr           1%         3d6       99%         4
 Flame Wave               Conj/Fire      1%         2d4       99%         4
 Fulminant Prism          Conj/Hex       0%         3d5       99%         4
 Ice Form                 Ice/Tmut       1%         N/A       99%         4
 Manifold Assault         Tloc           1%         N/A       99%         4
 Olgreb's Toxic Radiance  Pois           1%         N/A       99%         4
 Passage of Golubria      Tloc           1%         N/A       99%         4
 Sticky Flame             Conj/Fire      1%         2d3       99%         4
 Summon Ice Beast         Ice/Summ       1%         N/A       99%         4
 Summon Lightning Spire   Summ/Air       1%         N/A       99%         4
 Agony                    Necr           1%         N/A       100%        5
 Alistair's Intoxication  Tmut/Pois      0%         N/A       100%        5
 Arcjolt                  Conj/Air       0%         1d10      100%        5
 Borgnjor's Vile Clutch   Necr/Erth      3%         N/A       100%        5
 Fireball                 Conj/Fire      0%         3d3       100%        5
 Freezing Cloud           Conj/Ice/Air   0%         6-21      100%        5
 Iskenderun's Battlesphe  Conj           1%         2d6       100%        5
 Metabolic Englaciation   Hex/Ice        0%         N/A       100%        5
 Silence                  Hex/Air        0%         N/A       100%        5
 Summon Forest            Summ/Tloc      0%         N/A       100%        5
 Summon Mana Viper        Hex/Summ       1%         N/A       100%        5
 Yara's Violent Unravell  Hex/Tmut       0%         3d3       100%        5
 Death Channel            Necr           0%         N/A       100%        6
 Dispersal                Tloc           0%         N/A       100%        6
 Eringya's Noxious Bog    Tmut/Pois      0%         N/A       100%        6
 Iron Shot                Conj/Erth      3%         9d2       100%        6
 Starburst                Conj/Fire      0%         6d3       100%        6
 Statue Form              Tmut/Erth      4%         N/A       100%        6
 Summon Cactus Giant      Summ           0%         N/A       100%        6
 Enfeeble                 Hex            0%         N/A       100%        7
 Monstrous Menagerie      Summ           0%         N/A       100%        7
 Ozocubu's Refrigeration  Ice            0%         4d7       100%        7
 Spellforged Servitor     Conj/Summ      0%         N/A       100%        7
 Storm Form               Tmut/Air       0%         N/A       100%        7
 Summon Hydra             Summ           0%         N/A       100%        7
 Disjunction              Tloc           0%         N/A       100%        8
 Ignition                 Fire           0%         3d3       100%        8
 Infestation              Necr           0%         N/A       100%        8
 Maxwell's Capacitive Co  Air            0%         ∞         100%        8
 Dragon's Call            Summ           0%         N/A       100%        9
 Blink                    Tloc           Unusable   N/A       N/A         2
 Swiftness                Air            Unusable   N/A       N/A         3

Dungeon Overview and Level Annotations

Branches:
Dungeon (15/15)            Temple (1/1) D:4            Lair (5/5) D:10
 Shoals (4/4) Lair:3        Snake (4/4) Lair:3        Slime (0/5) Lair:5
    Orc (2/2) D:9             Elf (3/3) Orc:2        Vaults (5/5) D:14
  Crypt (3/3) Vaults:2     Depths (4/4) D:15           Hell (visited)
    Zot (5/5) Depths:4      IceCv (visited)          WizLab (visited)
   Tomb: Crypt:3        Dis: Hell:1         Geh: Hell:1         Coc: Hell:1
    Tar: Hell:1

Altars:
Ashenzari
Cheibriados
Dithmenos
Elyvilon
Fedhas
Gozag
Hepliaklqana
Kikubaaqudgha
Makhleb
Nemelex Xobeh
Okawaru
Qazlal
Ru
Sif Muna
Trog
Uskayaw
Vehumet
Wu Jian
Xom
Yredelemnul
Zin
The Shining One
Jiyva
Lugonu

Shops:
D:7 [   D:12 !   Orc:2 :(*[   Shoals:2 *   Shoals:4 =   Snake:2 !   Snake:3 =
Snake:4 *   Depths:1 !***   Depths:2 :==

Portals:
Hell: Depths:1 Depths:2 Depths:3 Depths:4
Abyss: Depths:1 Depths:2 Depths:3 Depths:4
Pandemonium: Depths:2
Ziggurat: Depths:4

Annotations:
D:10 1 runed translucent door, wormed's ghost, journeyman GnWn
Lair:5 1 runed translucent door
Elf:2 3 runed translucent doors
Vaults:1 exclusion: 2 ice statues
Zot:4 3 runed translucent doors, Kawoqao's ghost, legendary MiBe


Innate Abilities, Weirdness & Mutations

You cannot be hasted, slowed, berserked, paralysed or teleported.
You can dig through walls and to a lower floor.
You have a pair of large antennae on your head. (SInv)
Your four strong arms can wield two-handed weapons with a shield.
You have very sharp teeth.
Your body often deteriorates upon taking damage.
You are very frail. (-20% HP)
Your magical capacity is very low. (-20% MP)
Your system is resistant to poisons. (rPois)
You frequently scream uncontrollably at your foes.
Your spells are a little easier to cast, but a little less powerful.


Message History

You kill the sixfirhy!
The cacodemon gestures at you. The bolt of energy misses you.
You block the orange demon's attack.
You feel protected. You block the cacodemon's attack. x2
The orange demon stings you but does no damage.
You puncture the cacodemon!
Space warps around the cacodemon.
You bite the cacodemon, but do no damage.
The cacodemon is lightly wounded.
You block the orange demon's attack. You block the cacodemon's attack.
The cacodemon hits you but does no damage.
You closely miss the cacodemon.
The cacodemon is lightly wounded.
You block the orange demon's attack. You block the cacodemon's attack.
The cacodemon barely misses you.
You impale the cacodemon!!
Space warps horribly around the cacodemon!
The cacodemon is severely wounded.
You impale the cacodemon!!
You kill the cacodemon!
You block the orange demon's attack.
You impale the orange demon!!
The orange demon is moderately wounded.
You block the orange demon's attack.
You puncture the orange demon!
The orange demon is severely wounded.
You completely miss the orange demon.
The orange demon is severely wounded.
You block the orange demon's attack.
You puncture the orange demon!
The orange demon is almost dead.
The orange demon blinks!
You puncture the orange demon!
Space warps around the orange demon.
You kill the orange demon!
No target in view!
An Ice Fiend comes into view.
There is an open gate here.
There is a staircase leading out of the dungeon here.
You have escaped!

#...................#..##..##
###.#..##.........##..#..##..##
#..............................
##.#.#..##..........{.........##
#............................###
###.#.#..##...................# #
#.#.#.#..#>..##'''##.#.......[#
#.#.#.#..#...#.....#.#........#
.............#..@..#.#........#
#.......##.#.#.....#..........#
...........#.#.....#.###......#
#.#.#.####...##+++##.######'#.#
#.#.#.# #................#.#.#
#.#.#.# #....................###
#.#.#.# #.####.##..#..........).
#.#.#.####.####.###.........#.###
#.#..............................


There were no monsters in sight!

Vanquished Creatures
  A pandemonium lord (D:11)
  6 dread liches
  5 ancient liches
  5 orbs of fire
  4 Killer Klowns
  Saint Roka (Vaults:1)
  Vashnia (Snake:2)
  Nikola (Snake:2)
  Geryon (Hell)
  4 curse toes
  9 golden dragons
  A bone dragon (Depths:4)
  A hellephant (Depths:2)
  An electric golem (Zot:5)
  Zenata (Elf:3)
  13 tentacled monstrosities
  An Ice Fiend (D:11)
  A deep elf blademaster (Elf:3)
  16 Orb Guardians (Zot:5)
  2 liches
  7 titans
  4 quicksilver dragons
  2 deep elf master archers (Elf:3)
  4 death cobs
  3 ancient champions
  2 krakens (Shoals:3)
  5 sphinxes
  An azure jelly (Vaults:1)
  6 shadow dragons
  13 storm dragons
  2 tengu reavers (Vaults:5)
  8 fire giants
  Ilsuiw (Shoals:2)
  3 draconian monks
  4 revenants
  9 nagarajas
  A rockslime (Vaults:4)
  2 draconian knights
  7 frost giants
  5 deep elf sorcerers
  An emperor scorpion (Snake:1)
  2 ghost moths
  An iron dragon (Depths:1)
  Louise (Elf:3)
  An orc warlord (Orc:2)
  20 vault wardens
  3 draconian scorchers (Zot:1)
  5 draconian annihilators
  15 very ugly things
  8 draconian stormcallers
  A curse skull (Crypt:3)
  2 ghouls (Crypt:2)
  6 deep elf elementalists (Elf:3)
  16 ironbound preservers
  A juggernaut zombie (Depths:3)
  3 cacodemons
  2 draconian shifters (Zot:3)
  2 reapers
  A spriggan defender (Depths:3)
  4 war gargoyles
  9 stone giants
  Nessos (D:13)
  4 vampire knights
  4 ironbound thunderhulks
  7 deep elf demonologists
  6 black draconians
  A juggernaut skeleton (Crypt:3)
  14 green draconians
  9 red draconians
  A lorocyproca (Depths:4)
  11 yellow draconians
  14 purple draconians
  9 white draconians
  2 deep elf annihilators (Elf:3)
  A minotaur (Vaults:4)
  5 dire elephants
  4 eidola
  A spark wasp (Orc:1)
  6 jiangshi
  5 deep elf death magi
  2 crystal guardians
  10 merfolk impalers
  13 ettins
  4 merfolk javelineers
  2 great orbs of eyes
  8 fire dragons
  2 entropy weavers
  12 yaktaur captains
  4 deep elf high priests
  A hydra (D:15)
  Erolcha (D:13)
  A rakshasa (Depths:3)
  5 ice dragons
  A great orb of eyes (shapeshifter) (Depths:3)
  Fannar (D:12)
  3 peacekeepers
  5 salamander tyrants
  6 ogre magi
  38 vault guards
  2 hell beasts (Depths:4)
  4 ironbound frosthearts
  A jorogumo (Lair:4)
  5 merfolk avatars
  3 death knights
  2 alligator snapping turtles
  3 merfolk aquamancers
  14 anacondas
  4 satyrs
  5 catoblepae
  4 centaur warriors
  5 boulder beetles
  19 naga warriors
  A two-headed ogre (shapeshifter) (Vaults:5)
  7 two-headed ogres
  7 vampire magi
  4 tengu warriors
  12 dancing weapons
  4 deep troll earth magi
  5 deep troll shamans
  4 death yaks (Shoals:2)
  16 naga sharpshooters
  Urug (D:10)
  2 shock serpents
  A spriggan berserker (Depths:1)
  A bennu skeleton (Crypt:2)
  8 deep elf knights
  3 orc high priests
  3 sun demons
  2 crystal echidnas
  8 soul eaters
  2 salamander mystics (Snake:4)
  A shadow wraith (Crypt:3)
  2 spark wasp zombies
  6 iron trolls
  4 sixfirhies
  9 naga ritualists
  4 flayed ghosts
  18 sea snakes
  A shadow demon (Depths:3)
  19 skeletal warriors
  19 deep elf archers
  An anaconda zombie (Crypt:2)
  A lindwurm (shapeshifter) (Elf:2)
  A bog body (Crypt:3)
  61 deep trolls
  8 lindwurms
  17 ironbound convokers
  13 wizards
  11 phantasmal warriors
  A wolf spider zombie (Crypt:2)
  2 swamp dragons
  17 deep elf pyromancers
  6 orc knights
  A broodmother zombie (Crypt:1)
  15 deep elf zephyrmancers
  28 harpies
  6 necromancers
  45 ugly things
  A mana viper (shapeshifter) (Vaults:4)
  8 orc sorcerers
  14 mana vipers
  12 salamanders
  A frost giant zombie (Depths:1)
  A sphinx zombie (Depths:2)
  A tengu skeleton (Depths:3)
  A jorogumo skeleton (Crypt:3)
  10 fauns
  A shining eye (shapeshifter) (Vaults:5)
  16 manticores
  A large abomination (D:11)
  15 merfolk sirens
  A sphinx skeleton (Vaults:2)
  3 elephants
  A frost giant skeleton (Vaults:2)
  10 cyclopes
  30 moths of wrath
  30 black mambas
  A fire giant skeleton (Vaults:2)
  5 molten gargoyles (D:14)
  11 water nymphs
  An ice statue (IceCv)
  20 naga magi
  2 torpor snails
  8 guardian serpents
  24 vault sentinels
  3 centaur skeletons (Crypt:1)
  A gargoyle (D:11)
  2 orange demons
  4 smoke demons
  6 spriggan zombies
  A dire elephant skeleton (Crypt:1)
  An ice devil (D:11)
  3 rime drakes
  21 yaktaurs
  15 cane toads
  A kobold demonologist (D:13)
  2 unseen horrors
  2 yaktaurs (shapeshifter)
  3 anaconda simulacra
  4 efreet
  10 komodo dragons
  5 freezing wraiths
  37 merfolk
  10 guardian mummies
  6 tengu conjurers
  A sea snake skeleton (Hell)
  5 human skeletons (Vaults:2)
  8 trolls
  2 harpy skeletons (Crypt:1)
  9 hornets
  Prince Ribbit (D:5)
  9 wind drakes
  A culicivora zombie (Crypt:3)
  2 hellwings (D:11)
  2 polar bears
  A raiju (Shoals:4)
  A great orb of eyes zombie (Crypt:3)
  Grinder (D:4)
  4 dream sheep
  15 snapping turtles
  11 blink frogs
  A snapping turtle (shapeshifter) (Vaults:5)
  A frost giant simulacrum (Depths:1)
  3 flying skulls (Crypt:2)
  Sigmund (D:5)
  A centaur simulacrum (D:14)
  A culicivora (Snake:3)
  4 dire elephant simulacra (IceCv)
  28 slime creatures
  5 vampires
  A ynoxinul (Depths:4)
  5 spriggans
  6 wyverns
  2 shadows
  2 air elementals (Elf:2)
  2 ushabtiu (Crypt:3)
  83 yaks
  17 water elementals
  8 vampire mosquitoes
  12 wraiths
  3 fire elementals
  A hog (Snake:1)
  A hog (shapeshifter) (Depths:4)
  A fire bat (Lair:1)
  A golden eye (shapeshifter) (Vaults:3)
  A human (Lair:1)
  A glowing shapeshifter zombie (Hell)
  A redback (Vaults:4)
  4 two-headed ogre zombies (WizLab)
  9 basilisks
  A redback simulacrum (D:15)
  A harpy simulacrum (Vaults:1)
  5 elf skeletons (Vaults:2)
  Menkaure (D:4)
  4 death yak simulacra
  2 acid dragons
  A tengu zombie (Hell)
  8 wargs
  Edmund (D:5)
  40 nagas
  A hydra simulacrum (IceCv)
  10 water moccasins
  6 hell hounds
  A cane toad skeleton (Crypt:1)
  2 glowing shapeshifter skeletons
  A sky beast (D:6)
  A floating eye (Vaults:5)
  3 naga skeletons
  48 orc warriors
  2 black bears
  5 ice beasts
  A fire dragon simulacrum (Vaults:1)
  2 black mamba simulacra (Vaults:1)
  2 boggarts (Depths:3)
  10 ogres
  A tengu (shapeshifter) (Snake:3)
  A blink frog skeleton (Crypt:1)
  6 centaurs
  A hog skeleton (Crypt:1)
  5 kobold brigands
  3 gnoll sergeants (D:9)
  4 earth elementals
  7 bullfrogs
  A scorpion (D:6)
  2 cane toad simulacra
  A glowing shapeshifter simulacrum (Depths:3)
  5 necrophages
  6 two-headed ogre simulacra (IceCv)
  18 wights
  5 troll zombies (WizLab)
  3 elephant simulacra
  15 killer bees
  A raiju skeleton (Crypt:2)
  A shapeshifter skeleton (Crypt:1)
  A howler monkey (D:11)
  12 electric eels
  A spriggan skeleton (Crypt:1)
  2 lava snakes (Lair:5)
  4 hounds
  18 orc priests
  A human zombie (Crypt:1)
  5 iron imps
  4 iguanas
  Terence (D:3)
  A gnoll bouda (D:6)
  Natasha (twice) (D:3)
  25 orc wizards
  24 hell rats
  4 troll simulacra
  5 spriggan simulacra
  3 wolf simulacra (IceCv)
  2 ogre zombies (WizLab)
  A hound zombie (Crypt:1)
  33 gnolls
  9 naga simulacra
  7 adders
  8 river rats (Lair:1)
  A shadow imp (D:5)
  10 white imps
  5 ufetubi (IceCv)
  2 worms (D:4)
  3 dart slugs
  80 orcs
  4 bats
  9 endoplasms
  6 giant cockroaches
  8 goblins
  4 hobgoblins
  15 kobolds
  9 quokkas
  9 ball pythons
  3 frilled lizards (D:1)
  A giant cockroach zombie (Crypt:1)
  An orc zombie (Crypt:2)
  18 rats
  8 tentacles (Shoals:3)
2230 creatures vanquished.

Vanquished Creatures (collateral kills)
  A juggernaut (Depths:3)
  A caustic shrike (Depths:3)
  A golden dragon (Depths:3)
  A hellephant (Depths:3)
  Rupert (D:13)
  A quicksilver dragon (Zot:5)
  Agnes (Snake:2)
  2 storm dragons
  A vault warden (Vaults:2)
  A frost giant (Vaults:3)
  A bunyip (Vaults:4)
  A green death (Hell)
  A merfolk javelineer (Shoals:4)
  A merfolk impaler (Shoals:4)
  2 hydras (Lair:2)
  A satyr (Vaults:2)
  A death yak (Depths:3)
  A shock serpent (Shoals:4)
  A wolf spider (Depths:3)
  A stone giant zombie (Hell)
  Joseph (D:8)
  2 smoke demons (D:11)
  An orange demon (D:11)
  A yaktaur (Vaults:2)
  An ice devil (D:11)
  A yak (Lair:2)
  A human (Vaults:2)
  Grum (D:8)
  A redback (shapeshifter) (Vaults:4)
  A warg (Vaults:2)
  3 wolves (D:8)
  A centaur (D:8)
  An orc (D:8)
38 creatures vanquished.

Vanquished Creatures (others)
  A deep elf sorcerer (Elf:3)
  A vault warden (Vaults:5)
  A fire dragon (Depths:4)
  4 deep elf knights
  A deep elf zephyrmancer (Elf:2)
  2 deep elf pyromancers (Elf:2)
  A manticore (Shoals:1)
  2 moths of wrath
  A black mamba (Snake:2)
  4 humans (Snake:2)
  2 nagas (Snake:2)
  A small abomination (D:11)
  A white imp (IceCv)
  An ufetubus (IceCv)
  An orc (Orc:2)
  5 bushes
  A butterfly (Depths:1)
  47 fungi
  146 plants
  11 tentacles (Shoals:3)
  A withered plant (Shoals:1)
235 creatures vanquished.

Grand Total: 2503 creatures vanquished

Notes
Turn   | Place    | Note
-------+----------+-------------------------------------------
     0 | D:1      | oldriver the Formicid Wanderer began the quest for the Orb.
     0 | D:1      | oldriver set off with the following items: a +0 club, a
                  | wand of polymorph (4), a scroll of fear, a +0 leather
                  | armour, a +0 buckler of protection; and the following spell
                  | memorised: Sandblast; and the following spells available to
                  | memorise: Stone Arrow.
     0 | D:1      | Reached XP level 1. HP: 16/16 MP: 2/2
   107 | D:1      | Reached XP level 2. HP: 15/23 MP: 0/4
   355 | D:1      | Reached XP level 3. HP: 27/28 MP: 5/5
   879 | D:1      | You fall into a shaft and drop 1 floor!
  1428 | D:2      | Reached XP level 4. HP: 34/34 MP: 3/6
  1918 | D:3      | Found a blossoming altar of Fedhas.
  1933 | D:3      | Found a stormy altar of Qazlal.
  2071 | D:3      | Found a radiant altar of Vehumet.
  2071 | D:3      | Noticed Terence
  2076 | D:3      | Killed Terence
  2077 | D:3      | Reached skill level 3 in Fighting
  2177 | D:3      | Found an opulent altar of Gozag.
  2687 | D:3      | Noticed Natasha
  2696 | D:3      | Killed Natasha
  2697 | D:3      | Reached XP level 5. HP: 37/41 MP: 5/8
  2745 | D:3      | Reached skill level 1 in Long Blades
  2790 | D:4      | Noticed an ogre
  2795 | D:3      | Noticed Natasha
  2801 | D:3      | Killed Natasha
  2867 | D:4      | Noticed Menkaure
  2872 | D:4      | Killed Menkaure
  2873 | D:4      | Reached skill level 4 in Fighting
  2873 | D:4      | Reached skill level 1 in Stealth
  2873 | D:4      | Reached XP level 6. HP: 46/48 MP: 9/9
  2914 | D:4      | Noticed Grinder
  2944 | D:4      | Killed Grinder
  2945 | D:4      | Reached XP level 7. HP: 20/55 MP: 10/10
  3232 | D:4      | Found a sacrificial altar of Ru.
  3305 | D:4      | Found a staircase to the Ecumenical Temple.
  3318 | Temple   | Entered the Ecumenical Temple
  3517 | Temple   | Became a worshipper of Nemelex Xobeh the Trickster
  3939 | D:4      | Found an iron altar of Okawaru.
  4001 | D:5      | Entered Level 5 of the Dungeon
  4005 | D:5      | Reached skill level 5 in Fighting
  4005 | D:5      | Reached skill level 5 in Long Blades
  4005 | D:5      | Reached XP level 8. HP: 62/62 MP: 11/11
  4163 | D:5      | Noticed Prince Ribbit
  4174 | D:5      | Killed Prince Ribbit
  4200 | D:5      | Noticed Edmund
  4203 | D:5      | Reached skill level 6 in Fighting
  4214 | D:5      | Killed Edmund
  4310 | D:5      | Noticed Sigmund
  4323 | D:5      | Killed Sigmund
  4324 | D:5      | Reached XP level 9. HP: 56/71 MP: 12/12
  4474 | D:5      | Reached * piety under Nemelex Xobeh
  4629 | D:5      | Found a shimmering blue altar of Sif Muna.
  4673 | D:5      | Found a glowing golden altar of the Shining One.
  4744 | D:6      | Reached skill level 7 in Fighting
  4877 | D:6      | Identified the +2 ring mail of the Minstrel {Harm}
  4968 | D:6      | Received a gift from Nemelex Xobeh
  5813 | D:7      | Found Kazxih's Armour Shoppe.
  5828 | D:7      | Bought a +1 scale mail of poison resistance for 182 gold
                  | pieces
  5828 | D:7      | Bought a +0 pair of gloves for 63 gold pieces
  5946 | D:7      | Reached ** piety under Nemelex Xobeh
  6509 | D:7      | Identified the +6 scale mail "Pyem" {rElec rF+}
  6608 | D:7      | Noticed a hornet
  6615 | D:7      | Killed a hornet
  6616 | D:7      | Reached skill level 8 in Fighting
  6959 | D:8      | Noticed Joseph
  6960 | D:8      | Noticed Grum
  6967 | D:8      | Reached XP level 10. HP: 61/80 MP: 13/13
  6967 | D:8      | Killed Joseph
  6968 | D:8      | Reached skill level 10 in Long Blades
  6971 | D:8      | Reached skill level 9 in Fighting
  6971 | D:8      | Killed Grum
  7250 | D:8      | Reached skill level 10 in Fighting
  7429 | D:8      | Found an ornate altar of the Wu Jian Council.
  7679 | D:8      | Reached *** piety under Nemelex Xobeh
  8543 | D:8      | Found a burning altar of Makhleb.
  8633 | D:9      | Noticed a catoblepas
  8690 | D:9      | Received a gift from Nemelex Xobeh
  8708 | D:9      | Reached skill level 5 in Shields
  8954 | D:9      | Reached skill level 5 in Stealth
  8954 | D:9      | Reached XP level 11. HP: 87/92 MP: 14/14
  9016 | D:9      | Reached skill level 11 in Fighting
  9147 | D:9      | Noticed a centaur warrior
  9185 | D:9      | Noticed a cyclops
  9198 | D:9      | Killed a cyclops
  9199 | D:9      | Reached skill level 5 in Armour
  9286 | D:9      | Killed a centaur warrior
  9412 | D:9      | Found a staircase to the Orcish Mines.
  9652 | D:9      | Killed a catoblepas
  9653 | D:9      | Reached skill level 12 in Fighting
 10079 | D:9      | Noticed a cyclops
 10104 | D:9      | Killed a cyclops
 10495 | D:9      | Reached skill level 1 in Invocations
 10504 | D:9      | Reached XP level 12. HP: 79/98 MP: 15/15
 10527 | D:9      | Reached skill level 1 in Dodging
 10759 | D:10     | Entered Level 10 of the Dungeon
 10797 | D:10     | Found a staircase to the Lair.
 11143 | D:9      | Reached XP level 13. HP: 108/108 MP: 16/16
 11185 | D:10     | Found a runed translucent door.
 11185 | D:10     | Noticed wormed's ghost (journeyman GnWn)
 11229 | D:10     | Noticed Urug
 11233 | D:10     | Killed Urug
 11234 | D:10     | Reached skill level 5 in Evocations
 11318 | D:10     | Reached skill level 5 in Invocations
 11431 | D:10     | Received a gift from Nemelex Xobeh
 11738 | D:10     | Reached skill level 5 in Dodging
 11989 | Lair:1   | Entered Level 1 of the Lair of Beasts
 12117 | Lair:1   | Reached **** piety under Nemelex Xobeh
 12127 | Lair:1   | Received a gift from Nemelex Xobeh
 12178 | Lair:1   | Reached skill level 13 in Fighting
 12203 | Lair:1   | Found a frozen archway.
 12325 | IceCv    | Entered an ice cave
 13993 | IceCv    | Noticed a reaper
 14000 | IceCv    | Killed a reaper
 14606 | Lair:1   | a yak changed into an ettin
 14606 | Lair:1   | Noticed an ettin
 14888 | Lair:1   | Killed an ettin
 14889 | Lair:1   | Reached XP level 14. HP: 118/118 MP: 19/19
 15299 | Lair:1   | Received a gift from Nemelex Xobeh
 15976 | Lair:2   | Reached skill level 10 in Stealth
 16853 | Lair:2   | Reached ***** piety under Nemelex Xobeh
 16853 | Lair:2   | Received a gift from Nemelex Xobeh
 17103 | Lair:3   | Found a staircase to the Snake Pit.
 17385 | Lair:3   | Received a gift from Nemelex Xobeh
 17417 | Lair:3   | Reached skill level 14 in Fighting
 18567 | Lair:4   | Received a gift from Nemelex Xobeh
 19178 | Lair:5   | Entered Level 5 of the Lair of Beasts
 19265 | Lair:5   | Received a gift from Nemelex Xobeh
 20040 | Lair:5   | Reached XP level 15. HP: 124/127 MP: 20/20
 20172 | Lair:5   | Received a gift from Nemelex Xobeh
 20173 | Lair:5   | Found a runed translucent door.
 20173 | Lair:5   | Found a viscous altar of Jiyva.
 20173 | Lair:5   | Noticed an acid blob
 20174 | Lair:5   | Noticed an acid blob
 20222 | Lair:5   | Noticed an acid blob
 20232 | Lair:5   | Found a staircase to the Slime Pits.
 20557 | Lair:5   | Identified the +4 chain mail of Dogma {rF++ rC-}
 20566 | Lair:5   | Identified the +1 plate armour of Disappointment {rPois
                  | rC+}
 20687 | Lair:5   | Identified the ring "Keptam" {Fly MP+9 AC+4 Int+7}
 20836 | Lair:5   | Identified a scroll of acquirement
 20836 | Lair:5   | Acquired a +1 tower shield of positive energy
 21034 | Orc:1    | Entered Level 1 of the Orcish Mines
 21177 | Orc:2    | Entered Level 2 of the Orcish Mines
 21177 | Orc:2    | Found a staircase to the Elven Halls.
 21221 | Orc:2    | Received a gift from Nemelex Xobeh
 21551 | Orc:2    | Noticed an orc warlord
 21560 | Orc:2    | Reached skill level 15 in Fighting
 21561 | Orc:2    | Killed an orc warlord
 22608 | Orc:2    | Reached skill level 10 in Armour
 23047 | Orc:2    | Found Qarogamoyll's Antique Armour Emporium.
 23048 | Orc:2    | Found Nuilyj's Antique Weapon Emporium.
 23050 | Orc:2    | Found Git Xoda's General Store.
 23050 | Orc:2    | Found Buung's Book Shoppe.
 23065 | Orc:2    | Bought a pair of embroidered boots for 262 gold pieces
 23813 | Orc:1    | Received a gift from Nemelex Xobeh
 24495 | D:11     | Received a gift from Nemelex Xobeh
 24998 | D:12     | Reached XP level 16. HP: 136/136 MP: 22/22
 25018 | D:12     | Received a gift from Nemelex Xobeh
 25141 | D:12     | Noticed Josephine
 25142 | D:12     | Josephine changed into Josephine the snapping turtle
 25142 | D:12     | Noticed Josephine
 25143 | D:12     | Found Amnos's Distillery.
 25184 | D:12     | Killed Josephine the snapping turtle
 25212 | D:12     | Bought a potion of curing for 36 gold pieces
 25212 | D:12     | Bought a potion of heal wounds for 60 gold pieces
 25212 | D:12     | Bought a potion of curing for 36 gold pieces
 25212 | D:12     | Bought a potion of heal wounds for 60 gold pieces
 25219 | D:12     | Reached skill level 10 in Shields
 25349 | D:12     | Received a gift from Nemelex Xobeh
 25609 | D:12     | Noticed Fannar
 25616 | D:12     | Killed Fannar
 25649 | D:12     | Found a blossoming altar of Fedhas.
 25720 | D:13     | Acquired the +1 cloak of Starlight {*Dazzle EV+4 Stlth--}
 25720 | D:13     | Found the +1 cloak of Starlight {*Dazzle EV+4 Stlth--}
 25767 | D:13     | Noticed Rupert
 25783 | D:13     | Killed Rupert
 25886 | D:13     | Noticed Erolcha
 25892 | D:13     | Killed Erolcha
 26319 | Snake:1  | Entered Level 1 of the Snake Pit
 26485 | Snake:1  | Identified the ring of Exhibitionism {Wiz rPois MP-9 Str+3
                  | Int+2}
 26532 | Snake:1  | Noticed Aizul
 26534 | Snake:1  | Aizul changed into Aizul the emperor scorpion
 26534 | Snake:1  | Noticed Aizul
 26540 | Snake:1  | Killed Aizul the emperor scorpion
 26985 | Snake:1  | Received a gift from Nemelex Xobeh
 27425 | Snake:2  | Noticed Vashnia
 27425 | Snake:2  | Found a sparkling altar of Nemelex Xobeh.
 27427 | Snake:2  | Killed Vashnia
 27473 | Snake:2  | Noticed a nagaraja
 27543 | Snake:2  | Killed a nagaraja
 27581 | Snake:2  | Noticed Kirke
 27587 | Snake:2  | Kirke changed into Kirke the iron troll
 27587 | Snake:2  | Noticed Kirke
 27605 | Snake:1  | Killed Kirke the iron troll
 27819 | Snake:2  | Found Rehunomi's Distillery.
 27827 | Snake:2  | Bought a potion of cancellation for 144 gold pieces
 27956 | Snake:2  | Received a gift from Nemelex Xobeh
 27962 | Snake:2  | Noticed Agnes
 27971 | Snake:2  | Killed Agnes
 28381 | Snake:2  | Noticed Nikola
 28406 | Snake:2  | Killed Nikola
 29032 | Snake:3  | Reached XP level 17. HP: 136/144 MP: 14/23
 29866 | Snake:2  | Reached skill level 16 in Fighting
 30314 | Snake:3  | Reached skill level 15 in Shields
 31013 | Snake:3  | Found Emnaong's Jewellery Boutique.
 31240 | Snake:3  | Found a transporter.
 31394 | Snake:3  | Received a gift from Nemelex Xobeh
 31576 | Snake:3  | Reached skill level 17 in Fighting
 32133 | Snake:3  | Found a transporter.
 32562 | Shoals:1 | Entered Level 1 of the Shoals
 32682 | Shoals:1 | Received a gift from Nemelex Xobeh
 32784 | Shoals:1 | Reached ****** piety under Nemelex Xobeh
 33055 | Shoals:1 | Reached XP level 18. HP: 132/156 MP: 16/25
 33527 | Shoals:2 | Noticed Ilsuiw
 33543 | Shoals:2 | Killed Ilsuiw
 33772 | Shoals:2 | Received a gift from Nemelex Xobeh
 34118 | Shoals:2 | Noticed Mlioglotl
 34121 | Shoals:2 | Mlioglotl changed into Mlioglotl the soul eater
 34121 | Shoals:2 | Noticed Mlioglotl
 34138 | Shoals:2 | Killed Mlioglotl the soul eater
 34635 | Shoals:2 | Reached skill level 10 in Invocations
 34809 | Shoals:2 | Found Wiemiff's Assorted Antiques.
 34814 | Shoals:2 | Bought a scroll of enchant armour for 255 gold pieces
 35214 | Shoals:2 | Reached skill level 18 in Fighting
 35373 | Shoals:3 | Noticed a kraken
 35484 | Shoals:3 | Received a gift from Nemelex Xobeh
 35999 | Shoals:3 | Found Qisiygh's Magic Scroll Emporium.
 36651 | Shoals:3 | Killed a kraken
 36829 | Shoals:3 | Noticed a kraken
 36858 | Shoals:3 | Killed a kraken
 37093 | Shoals:4 | Entered Level 4 of the Shoals
 37093 | Shoals:4 | Received a gift from Nemelex Xobeh
 37295 | Shoals:4 | Reached XP level 19. HP: 161/163 MP: 18/27
 37376 | Shoals:4 | Found Sosu Guo's One-of-a-Kind Rings.
 38875 | Shoals:4 | Identified the -1 quarterstaff of Harmony {spect, rN++
                  | Will++ Dex-3}
 39862 | Shoals:4 | Got a barnacled rune of Zot
 40395 | Snake:3  | Bought a ring of resist corrosion for 320 gold pieces
 40411 | Snake:4  | Entered Level 4 of the Snake Pit
 40463 | Snake:4  | Received a gift from Nemelex Xobeh
 40547 | Snake:4  | Found Haoluh's Assorted Antiques.
 42071 | Snake:3  | Reached skill level 19 in Fighting
 42414 | Snake:4  | Reached XP level 20. HP: 159/174 MP: 19/28
 42493 | Snake:4  | Reached skill level 15 in Armour
 42575 | Snake:4  | Received a gift from Nemelex Xobeh
 43073 | Snake:4  | Got a serpentine rune of Zot
 43197 | Snake:3  | Gained mutation: You occasionally lose the ability to read
                  | scrolls when taking damage. [mutagenic glow]
 43210 | Snake:3  | Gained mutation: Your magical capacity is low. (-10% MP)
                  | [mutagenic glow]
 43226 | Snake:3  | Gained mutation: You sometimes lose the ability to read
                  | scrolls when taking damage. [mutagenic glow]
 43310 | Snake:3  | Got the Guidebook on Frostbite and Malediction
 43323 | Snake:3  | Identified the ring of Senomnu {Str+2 Slay+4}
 43333 | Snake:3  | Identified the ring "Atuvip" {Will++ AC+4}
 43631 | D:13     | Reached skill level 10 in Evocations
 43936 | D:13     | Received a gift from Nemelex Xobeh
 44233 | D:13     | Noticed Nessos
 44247 | D:13     | Killed Nessos
 44552 | D:14     | Found a gate to the Vaults.
 44743 | D:14     | Received a gift from Nemelex Xobeh
 45092 | D:14     | Received a gift from Nemelex Xobeh
 45633 | D:15     | Entered Level 15 of the Dungeon
 45780 | D:15     | Acquired a manual of Fighting
 45801 | D:15     | Found a flickering gateway to a bazaar.
 45864 | Bazaar   | Entered a bazaar
 45864 | Bazaar   | Found Ticsaag's Weapon Shop.
 45900 | Bazaar   | Found Osatay's Jewellery Shoppe.
 45904 | Bazaar   | Found Nymez's Magic Scroll Emporium.
 45910 | Bazaar   | Found Tus Emic's Jewellery Shop.
 45919 | Bazaar   | Bought the ring of the Messenger {rC- rN+ Will+ Str+5} for
                  | 516 gold pieces
 45925 | Bazaar   | Bought a scroll of enchant weapon for 112 gold pieces
 46061 | D:15     | Received a gift from Nemelex Xobeh
 46115 | D:15     | Found a staircase to the Depths.
 46609 | Vaults:1 | Entered Level 1 of the Vaults
 46785 | Vaults:1 | Received a gift from Nemelex Xobeh
 46929 | Vaults:1 | Received a gift from Nemelex Xobeh
 46936 | Vaults:1 | Reached skill level 20 in Fighting
 46979 | Vaults:1 | Noticed Saint Roka
 46999 | Vaults:1 | Killed Saint Roka
 47435 | Vaults:1 | Reached XP level 21. HP: 118/184 MP: 9/27
 49208 | Elf:1    | Entered Level 1 of the Elven Halls
 49227 | Elf:1    | Reached skill level 21 in Fighting
 49239 | Elf:1    | Identified the +6 scale mail "Juodidox" {rF+ Regen+ Str+2}
 49501 | Elf:1    | Received a gift from Nemelex Xobeh
 50333 | Elf:2    | Received a gift from Nemelex Xobeh
 50424 | Elf:2    | Noticed a Tzitzimitl
 50426 | Elf:2    | Reached skill level 10 in Dodging
 50538 | Elf:2    | Found a shimmering altar of Xom.
 50603 | Elf:2    | Found a runed translucent gate.
 50671 | Elf:2    | Reached skill level 22 in Fighting
 50931 | Elf:2    | Received a gift from Nemelex Xobeh
 51040 | Elf:2    | Found a runed translucent gate.
 51040 | Elf:2    | Found a runed translucent gate.
 51162 | Elf:3    | Entered Level 3 of the Elven Halls
 51162 | Elf:3    | Noticed Bai Suzhen
 51164 | Elf:3    | Bai Suzhen changed into Bai Suzhen the titan
 51164 | Elf:3    | Noticed Bai Suzhen
 51164 | Elf:3    | Killed Bai Suzhen the titan
 51324 | Elf:3    | Noticed Zenata
 51363 | Elf:3    | Killed Zenata
 51420 | Elf:3    | Noticed Louise
 51455 | Elf:3    | Killed Louise
 51740 | Elf:3    | Identified the amulet "Foackodd" {Reflect *Corrode rPois
                  | Str+3 SH+5 SInv}
 51935 | Elf:3    | Reached XP level 22. HP: 146/188 MP: 20/29
 52160 | Elf:3    | Identified the +8 glaive of Valour {elec, Stlth+}
 52346 | Elf:3    | Reached skill level 23 in Fighting
 52485 | Elf:3    | Identified the +3 leather armour "Oraitioz" {Will+}
 53643 | Elf:3    | Reached skill level 1 in Polearms
 53885 | Elf:3    | Received a gift from Nemelex Xobeh
 53957 | Elf:3    | Identified the +0 fire dragon scales of Virtue {rF++ rC-
                  | Stlth+}
 54036 | Elf:3    | Got Astacvabym's Quarto of Malediction
 54417 | Depths:1 | Entered Level 1 of the Depths
 55186 | Depths:1 | Found a one-way gate to the infinite horrors of the Abyss.
 55391 | Depths:1 | Received a gift from Nemelex Xobeh
 55391 | Depths:1 | Found Wuc Cide's Distillery.
 55401 | Depths:1 | Bought a potion of heal wounds for 90 gold pieces
 55401 | Depths:1 | Bought a potion of heal wounds for 90 gold pieces
 55401 | Depths:1 | Bought a potion of heal wounds for 90 gold pieces
 55401 | Depths:1 | Bought a potion of curing for 54 gold pieces
 55464 | Depths:1 | Found Zumiol's General Store.
 55812 | Depths:1 | Bought a potion of curing for 60 gold pieces
 55812 | Depths:1 | Bought a potion of heal wounds for 100 gold pieces
 55812 | Depths:1 | Bought a potion of curing for 60 gold pieces
 55848 | Depths:1 | Reached skill level 5 in Polearms
 56050 | Depths:1 | Found a white marble altar of Elyvilon.
 56221 | Depths:1 | Found Jeffe's General Store.
 56263 | Depths:1 | Found Cacungat's General Store.
 56271 | Depths:1 | Bought a potion of heal wounds for 120 gold pieces
 56271 | Depths:1 | Bought a potion of resistance for 240 gold pieces
 56513 | Depths:1 | Found a gateway to Hell.
 57018 | Depths:2 | Noticed Mara
 57040 | Depths:2 | Noticed oldriver's illusion
 57044 | Depths:2 | oldriver's illusion changed into oldriver the juggernaut
 57044 | Depths:2 | Noticed oldriver
 57044 | Depths:2 | oldriver the juggernaut changed into oldriver the storm
                  | dragon
 57044 | Depths:2 | Mara changed into Mara the hellephant
 57044 | Depths:2 | Noticed Mara
 57052 | Depths:2 | Killed Mara the hellephant
 57176 | Depths:2 | Received a gift from Nemelex Xobeh
 57198 | Depths:2 | Found Etelef's Jewellery Emporium.
 57205 | Depths:2 | Found Suohes's Book Shop.
 57206 | Depths:2 | Found Ladijig's Jewellery Emporium.
 57215 | Depths:2 | Bought the amulet of Werhyz {rPois rC++ Will+ Regen+} for
                  | 1093 gold pieces
 57304 | Depths:2 | Reached skill level 24 in Fighting
 57871 | Depths:2 | Found a one-way gate leading to the halls of Pandemonium.
 58408 | Vaults:2 | Reached XP level 23. HP: 92/209 MP: 16/30
 58494 | Vaults:2 | Reached skill level 10 in Polearms
 58638 | Vaults:2 | Received a gift from Nemelex Xobeh
 59088 | Vaults:2 | Received a gift from Nemelex Xobeh
 59309 | Vaults:2 | Found a staircase to the Crypt.
 59399 | Vaults:2 | Received a gift from Nemelex Xobeh
 59568 | Crypt:1  | Entered Level 1 of the Crypt
 59765 | Crypt:1  | Identified the +5 hand axe "Xudyt" {flame, rElec rN+}
 60390 | Crypt:2  | Identified the +0 cloak of the Learner {Will- rCorr Dex+7}
 60606 | Crypt:2  | Received a gift from Nemelex Xobeh
 60607 | Crypt:2  | Found a basalt altar of Yredelemnul.
 60630 | Crypt:2  | Found a magical portal.
 60639 | WizLab   | Entered Zonguldrok's Shrine
 60861 | WizLab   | Noticed an antique lich
 60862 | WizLab   | Killed an antique lich
 60911 | WizLab   | Got Asmodeus's Verses on the Congregation
 60929 | WizLab   | Found the +9 sword of Zonguldrok {reap}
 60938 | WizLab   | Got the Directory of the Violent Brume
 61352 | Crypt:2  | Got the Precepts of Stormy Bewitchment
 61440 | Crypt:2  | Received a gift from Nemelex Xobeh
 62357 | Vaults:3 | Reached XP level 24. HP: 217/217 MP: 30/30
 62598 | Vaults:3 | Received a gift from Nemelex Xobeh
 62607 | Vaults:3 | Found a huge runed gate.
 62607 | Vaults:3 | Found a huge runed gate.
 62617 | Vaults:3 | Found a huge runed gate.
 62617 | Vaults:3 | Found a huge runed gate.
 62620 | Vaults:3 | Found a huge runed gate.
 62620 | Vaults:3 | Found a huge runed gate.
 62622 | Vaults:3 | Found a huge runed gate.
 62623 | Vaults:3 | Found a huge runed gate.
 62624 | Vaults:3 | Found a huge runed gate.
 62624 | Vaults:3 | Found a huge runed gate.
 62626 | Vaults:3 | Found a huge runed gate.
 62626 | Vaults:3 | Found a huge runed gate.
 62626 | Vaults:3 | Found a huge runed gate.
 62626 | Vaults:3 | Found a huge runed gate.
 62626 | Vaults:3 | Found a huge runed gate.
 62627 | Vaults:3 | Found a huge runed gate.
 62628 | Vaults:3 | Found a huge runed gate.
 62629 | Vaults:3 | Found a huge runed gate.
 62644 | Vaults:3 | Found a huge runed gate.
 62644 | Vaults:3 | Found a huge runed gate.
 62644 | Vaults:3 | Found a huge runed gate.
 62644 | Vaults:3 | Found a huge runed gate.
 62644 | Vaults:3 | Found a huge runed gate.
 62644 | Vaults:3 | Found a huge runed gate.
 62645 | Vaults:3 | Found a huge runed gate.
 62646 | Vaults:3 | Found a huge runed gate.
 62647 | Vaults:3 | Found a huge runed gate.
 62655 | Vaults:3 | Found a huge runed gate.
 62655 | Vaults:3 | Found a huge runed gate.
 62655 | Vaults:3 | Found a huge runed gate.
 62655 | Vaults:3 | Found a huge runed gate.
 62655 | Vaults:3 | Found a huge runed gate.
 62655 | Vaults:3 | Found a huge runed gate.
 62656 | Vaults:3 | Found a huge runed gate.
 63021 | Vaults:3 | Found a huge runed gate.
 63022 | Vaults:3 | Found a huge runed gate.
 63860 | Vaults:4 | Received a gift from Nemelex Xobeh
 64333 | Vaults:4 | Reached XP level 25. HP: 169/223 MP: 30/30
 64785 | Vaults:4 | Received a gift from Nemelex Xobeh
 64976 | Vaults:3 | Noticed a dread lich
 64977 | Vaults:3 | Identified the +0 trident of Fixation {flame, rF+ rC+}
 64989 | Vaults:3 | You fall into a shaft and drop 1 floor!
 65319 | Vaults:3 | Killed a dread lich
 65729 | Vaults:5 | Entered Level 5 of the Vaults
 65832 | Vaults:5 | Noticed a dread lich
 65963 | Vaults:5 | Noticed a dread lich
 66019 | Vaults:4 | Killed a dread lich
 66031 | Vaults:4 | Killed a dread lich
 67018 | Vaults:5 | Noticed a dread lich
 67018 | Vaults:5 | Noticed a dread lich
 67055 | Vaults:5 | Banished a dread lich
 67062 | Vaults:5 | Killed a dread lich
 67088 | Vaults:5 | Reached XP level 26. HP: 229/230 MP: 30/30
 67253 | Vaults:5 | Received a gift from Nemelex Xobeh
 67429 | Vaults:5 | Got the Reference Book on Diablerie
 67435 | Vaults:5 | Got a silver rune of Zot
 67555 | Vaults:5 | Identified the ring of Guxifiru {rF+ rC++ MP+9 Int-4 Dex+6}
 67651 | Vaults:5 | Identified the +5 mace of the Crawling Thing {flame, rPois
                  | rC+ Dex+2}
 67654 | Vaults:5 | Identified the amulet of Heetioqo {Regen+ Str-5 Dex+6}
 67906 | Vaults:5 | Identified the +4 flail of Massacring {heavy, *Slow rC++
                  | Int+6}
 68342 | Vaults:5 | Reached skill level 15 in Invocations
 68483 | Vaults:5 | Found the +6 lightning scales {swift, rElec}
 68489 | Vaults:5 | Got the Meditations on Guile
 68679 | Vaults:5 | Identified the ring of Cheibriados's Whim {Wiz rC++}
 69020 | Crypt:3  | Entered Level 3 of the Crypt
 69481 | Depths:3 | Received a gift from Nemelex Xobeh
 69859 | Depths:3 | Found a hide-covered altar of Uskayaw.
 69963 | Depths:3 | Identified the +1 plate armour of the Imp {-Cast Fly rPois}
 70176 | Depths:3 | Noticed a juggernaut
 70206 | Depths:3 | Killed a juggernaut
 70293 | Depths:3 | Identified the ring "Woso" {rF+ rC+ rCorr Str-3 Int+3}
 70503 | Depths:4 | Entered Level 4 of the Depths
 70503 | Depths:4 | Found a shimmering altar of Xom.
 70664 | Depths:4 | Found a one-way gateway to a ziggurat.
 70683 | Depths:4 | Received a gift from Nemelex Xobeh
 70735 | Depths:4 | Noticed a juggernaut
 70744 | Depths:4 | Banished a juggernaut
 70813 | Depths:4 | Reached XP level 27. HP: 223/240 MP: 31/31
 70906 | Depths:4 | Found a corrupted altar of Lugonu.
 71076 | Depths:4 | Found a gate to the Realm of Zot.
 71126 | Depths:4 | Received a gift from Nemelex Xobeh
 71190 | Depths:4 | Found a snail-covered altar of Cheibriados.
 71344 | Hell     | Entered the Vestibule of Hell
 71344 | Hell     | Noticed Geryon
 71692 | Hell     | Identified the -1 long sword of Urisoap {vamp, *Corrode
                  | rElec rPois}
 71735 | Hell     | Killed Geryon
 71736 | Hell     | Reached skill level 25 in Fighting
 72190 | Zot:1    | Entered Level 1 of the Realm of Zot
 72799 | Zot:1    | Identified the ring of Wibuiwiz {rPois rC+ Will+ Int+6
                  | Dex+2}
 72986 | Zot:1    | Received a gift from Nemelex Xobeh
 73825 | Zot:2    | Acquired a manual of Fire Magic
 74410 | Zot:2    | You fall into a shaft and drop 1 floor!
 74420 | Zot:3    | Noticed an orb of fire
 74421 | Zot:3    | Gained mutation: Your body sometimes deteriorates upon
                  | taking damage. [an orb of fire]
 74543 | Zot:1    | Lost mutation: Your magical capacity is low. (-10% MP)
                  | [potion of mutation]
 74543 | Zot:1    | Lost mutation: You sometimes lose the ability to read
                  | scrolls when taking damage. [potion of mutation]
 74543 | Zot:1    | Gained mutation: Your spells are a little easier to cast,
                  | but a little less powerful. [potion of mutation]
 74543 | Zot:1    | Gained mutation: You have large cloven feet. [potion of
                  | mutation]
 74543 | Zot:1    | Gained mutation: You do not regenerate when monsters are
                  | visible. [potion of mutation]
 74543 | Zot:1    | Gained mutation: You are covered in fur. (AC +1) [potion of
                  | mutation]
 74544 | Zot:1    | Lost mutation: You occasionally lose the ability to read
                  | scrolls when taking damage. [potion of mutation]
 74544 | Zot:1    | Lost mutation: You do not regenerate when monsters are
                  | visible. [potion of mutation]
 74544 | Zot:1    | Lost mutation: You have large cloven feet. [potion of
                  | mutation]
 74544 | Zot:1    | Gained mutation: Your movements are slightly less
                  | encumbered by armour. (ER -2) [potion of mutation]
 74544 | Zot:1    | Gained mutation: You have very sharp teeth. [potion of
                  | mutation]
 74619 | Zot:2    | Received a gift from Nemelex Xobeh
 75241 | Zot:2    | Noticed an orb of fire
 75253 | Zot:2    | Killed an orb of fire
 75624 | Zot:3    | Gained mutation: You are partially covered in iridescent
                  | scales. (AC +2) [an orb of fire]
 75626 | Zot:3    | Banished an orb of fire
 75715 | Zot:3    | Received a gift from Nemelex Xobeh
 76567 | Zot:3    | Reached skill level 26 in Fighting
 76941 | Zot:4    | Noticed a Killer Klown
 77130 | Zot:4    | Noticed a Killer Klown
 77309 | Zot:4    | Banished a Killer Klown
 77444 | Zot:4    | Noticed a dread lich
 77445 | Zot:4    | Received a gift from Nemelex Xobeh
 77445 | Zot:4    | Noticed a Killer Klown
 77621 | Zot:4    | Found a runed translucent gate.
 77621 | Zot:4    | Found a runed translucent gate.
 77622 | Zot:4    | Found a runed translucent gate.
 77635 | Zot:4    | Noticed Kawoqao's ghost (legendary MiBe)
 79102 | Crypt:3  | Reached skill level 15 in Dodging
 79248 | Crypt:3  | Noticed a royal mummy
 79355 | Crypt:3  | Received a gift from Nemelex Xobeh
 79788 | Zot:4    | Killed a Killer Klown
 79842 | Zot:4    | Killed a Killer Klown
 79868 | Zot:4    | Killed a dread lich
 79869 | Zot:4    | Reached skill level 27 in Fighting
 80629 | Zot:5    | Entered Level 5 of the Realm of Zot
 80629 | Zot:5    | Received a gift from Nemelex Xobeh
 80727 | Zot:5    | Noticed a Killer Klown
 80821 | Zot:5    | Banished a Killer Klown
 81058 | Zot:5    | Identified the +9 falchion of the Pure Violins {freeze, Fly
                  | rPois Str+7 Dex-3}
 81319 | Zot:5    | Received a gift from Nemelex Xobeh
 81334 | Zot:5    | Identified the +7 sling of Outrage {freeze, MP+9 Int+2
                  | SInv}
 81355 | Zot:5    | Identified the +5 hand axe of Disgust {vamp, *Rage rC+ SInv
                  | Stlth+}
 81754 | Zot:5    | Noticed an ancient lich
 81779 | Zot:5    | Killed an ancient lich
 81797 | Zot:5    | Noticed an orb of fire
 81804 | Zot:5    | Noticed a Killer Klown
 81925 | Zot:5    | Noticed an ancient lich
 81945 | Zot:5    | Banished an ancient lich
 82039 | Zot:5    | Noticed a dread lich
 82063 | Zot:5    | Killed a dread lich
 82080 | Zot:5    | Noticed an orb of fire
 82090 | Zot:5    | Gained mutation: You are frail. (-10% HP) [an orb of fire]
 82093 | Zot:5    | Killed an orb of fire
 82106 | Zot:5    | Noticed a dread lich
 82112 | Zot:5    | Banished a dread lich
 82511 | Zot:5    | Noticed an ancient lich
 82535 | Zot:5    | Banished an ancient lich
 82578 | Zot:5    | Killed an orb of fire
 82989 | Zot:5    | Noticed an ancient lich
 83154 | Zot:4    | Killed an ancient lich
 83276 | Zot:5    | Killed a Killer Klown
 83303 | Zot:5    | Noticed an ancient lich
 83314 | Zot:5    | Noticed an orb of fire
 83323 | Zot:5    | Gained mutation: You are very frail. (-20% HP) [an orb of
                  | fire]
 83333 | Zot:5    | Killed an ancient lich
 83335 | Zot:5    | Noticed a dread lich
 83337 | Zot:5    | Killed an orb of fire
 83345 | Zot:5    | Banished a dread lich
 83351 | Zot:5    | Noticed an orb of fire
 83354 | Zot:5    | Gained mutation: Your magical capacity is low. (-10% MP)
                  | [an orb of fire]
 83367 | Zot:5    | Gained mutation: Your magical capacity is very low. (-20%
                  | MP) [an orb of fire]
 83379 | Zot:5    | Gained mutation: You occasionally shout uncontrollably at
                  | your foes. [an orb of fire]
 83380 | Zot:5    | Gained mutation: Your body often deteriorates upon taking
                  | damage. [an orb of fire]
 83382 | Zot:5    | Killed an orb of fire
 83496 | Zot:5    | Noticed a Killer Klown
 83517 | Zot:5    | Killed a Killer Klown
 83564 | Zot:5    | Noticed a Killer Klown
 83568 | Zot:5    | Noticed an ancient lich
 83582 | Zot:5    | Banished a Killer Klown
 83597 | Zot:5    | Killed an ancient lich
 84029 | Zot:5    | Lost mutation: You are covered in fur. (AC +1) [potion of
                  | mutation]
 84029 | Zot:5    | Lost mutation: Your movements are slightly less encumbered
                  | by armour. (ER -2) [potion of mutation]
 84029 | Zot:5    | Lost mutation: You are partially covered in iridescent
                  | scales. (AC +2) [potion of mutation]
 84029 | Zot:5    | Gained mutation: Your system is resistant to poisons.
                  | (rPois) [potion of mutation]
 84029 | Zot:5    | Lost mutation: You are very frail. (-20% HP) [potion of
                  | mutation]
 84044 | Zot:5    | Got the Orb of Zot
 84389 | D:12     | Lost mutation: Your spells are a little easier to cast, but
                  | a little less powerful. [a cacodemon]
 84436 | D:11     | Gained mutation: Your spells are a little easier to cast,
                  | but a little less powerful. [a cacodemon]
 84438 | D:11     | Gained mutation: You frequently scream uncontrollably at
                  | your foes. [a cacodemon]
 84447 | D:11     | Noticed Popidu the pandemonium lord
 84468 | D:11     | Killed Popidu the pandemonium lord
 84699 | D:1      | Gained mutation: You are very frail. (-20% HP) [a
                  | cacodemon]
 84733 | D:$      | Escaped with the Orb!

Illustrated notes

Levels and vault maps discovered:
D:1:      dpeg_arrival_windows_large_door, layout_basic, minmay_strange_pillars
D:2:      layout_basic, st_stairs_4, grunt_ministairs_5
D:3:      layout_basic, mainiacjoe_overflow_small_starburst,
          mainiacjoe_overflow_tiny_flanked, grunt_gozag_statues,
          mainiacjoe_overflow_alcove_2, uniq_natasha, uniq_terence
D:4:      layout_basic, nicolae_ru_great_annihilating_truth,
          okawaru_altar_gauntlet_db, minmay_temple_entry_junction,
          nicolae_concentric_dashed_squares_wild, uniq_menkaure, uniq_grinder
D:5:      layout_rooms, tso_oasis_becter, nicolae_sif_muna_little_library,
          uniq_edmund, uniq_prince_ribbit1, uniq_sigmund
D:6:      layout_basic
D:7:      layout_layer_cave, serial_shops, nicolae_shop_waterfront
D:8:      layout_rooms, demons_altar, mainiacjoe_overflow_brackets, uniq_joseph,
          uniq_grum
D:9:      minmay_curly_fans, layout_loops_cross,
          kennysheep_orc_monster_closet_entryway
D:10:     layout_stronghold, lair_entry_dummy, hellmonk_ghost_happy_afterlife,
          nzn_random_ring, uniq_urug
D:11:     layout_basic
D:12:     layout_irregular_city, serial_shops, nicolae_shop_stone,
          fedhas_altar_fruit_tree, uniq_fannar, uniq_josephine
D:13:     layout_basic, drop_trap, uniq_erolcha, uniq_nessos, uniq_rupert
D:14:     cheibrodos_statue_roulette, layout_stronghold, david_vaults_5,
          nicolae_twisting_strands
D:15:     hangedman_depths_entry_civil_slaughter, layout_irregular_city,
          serial_shops, bzr_entry_dummy, minmay_misc_feat_rows
Temple:   minmay_temple_bridge_abc
Lair:1:   lemuel_ratsnest, layout_gridlike, portal_ice_cave_entry_ice_simulacra,
          cheibrodos_lair_caveside_slide
Lair:2:   layout_cave_pods
Lair:3:   layout_loops_ring, nicolae_shoals_entry_flooding, dummy_snake_entry
Lair:4:   layout_roguey, grunt_forest_large_clearing_hut, lemuel_fruit_tree
Lair:5:   gammafunk_lair_ancient_temple, layout_loops_ring, slime_entry_2,
          minmay_stone_trees_small, nicolae_lair_liquid_snakes
Shoals:1: layout_shoals, argonaut_gorgonesque
Shoals:2: layout_shoals, serial_shops, nicolae_shop_behind_doors,
          uniq_polyphemus, uniq_ilsuiw, uniq_mlioglotl
Shoals:3: layout_shoals, nicolae_stop_n_shop_1
Shoals:4: shoals_end_simple, layout_shoals, nicolae_shop_unique_rings,
          overgrown_statue
Snake:1:  layout_cave_shapes, uniq_aizul
Snake:2:  layout_onion_interference, basic_altar, st_stairs_5,
          serial_bayou_shore_b, minmay_shop_star, uniq_nikola, uniq_agnes,
          uniq_vashnia, uniq_kirke
Snake:3:  gammafunk_its_a_trap, layout_cave_shapes, serial_shops,
          nicolae_shop_competitors_out_of_business,
          nicolae_snake_magic_snake_eye, serial_bayou_shore_a,
          serial_bayou_shore_b
Snake:4:  grunt_snake_rune_serpentine_throne, layout_misc_corridors,
          serial_shops, nicolae_shop_overgrown_old_shop,
          hangedman_snake_corridor_split
Orc:1:    layout_caves
Orc:2:    st_orc_congregation, layout_caves, enter_volcano_3, nooodl_orcs_dogs
Elf:1:    nicolae_elf_arrival_fired_up, layout_geoelf_diagonals,
          evilmike_minifort, hangedman_elf_power_crystal
Elf:2:    elven_hall_of_blades_hangedman_original
          [nicolae_blade_entry_hurt_lockers], layout_loops_corners, basic_altar,
          nicolae_fountain_basement
Elf:3:    elf_hall_gauntlet_wide, layout_geoelf_diagonals, uniq_bai_suzhen,
          uniq_louise, uniq_zenata
Vaults:1: nicolae_vaults_circle_grid_a, vaults_dpeg_hooks, v_pattern_3,
          vaults_room_grunt_arrival_ludios, ontoclasm_vaults_decontamination,
          layout_vaults_omnigrid, serial_hangedman_research,
          hangedman_research_thermodynamics, uniq_saint_roka
Vaults:2: minmay_crypt_entry_skeletal_spiral, ontoclasm_vaults_ring_small,
          vaults_room_stairs_pillars, vaults_room_pool, v_misc_17,
          vaults_mumra_lcd, vaults_dpeg_emergency_exit, layout_vaults_big_room
Vaults:3: v_alt_pattern_5, vaults_dpeg_spiral, v_alt_pattern_3, v_misc_16,
          door_vault, hangedman_vaults_maws, v_misc_30,
          nicolae_vaults_back_hallway, v_alt_pattern_1, grunt_vaults_bifocal,
          v_misc_26, nicolae_vaults_little_squares_4, layout_vaults_maze
Vaults:4: hangedman_vaults_nails, v_rooms_2, v_misc_33, st_lattice,
          hangedman_vaults_corner, v_pattern_5, vaults_dpeg_encased_lava,
          vaults_dpeg_doors, dpeg_vaults_monster_row,
          nicolae_vaults_specimen_jars, layout_vaults_omnibox
Vaults:5: serial_shops
Crypt:1:  layout_rooms, grunt_megastairs_5
Crypt:2:  layout_misc_corridors, basic_altar, mu_enter_wizlab_5
Crypt:3:  due_elkab, layout_chaotic_city
Depths:1: layout_basic, minmay_crystal_room, abyss_entry,
          grunt_hell_entry_dis_grunt, serial_shops, shop_fountains, shop,
          nicolae_square_shop, shop_statue, hangedman_decor_push,
          nicolae_elyvilon_peaceful_grove, serial_bayou_shore_b
Depths:2: minmay_angry_zag, layout_cave_pools, abyss_entry,
          minmay_tree_intersection, hell_entry, grunt_pan_entry_in_and_out,
          minmay_staircase_bubble, minmay_shop_grove, serial_bayou_shore_b,
          uniq_mara
Depths:3: minmay_shrinking_squares, layout_cave_pools,
          nicolae_uskayaw_dance_hall, hell_entry, abyss_entry,
          nicolae_keep_em_comin, infiniplex_staircase_pool_2,
          grunt_megastairs_4, firewood_loft
Depths:4: grunt_twist_and_shout, layout_cave_pools, enter_ziggurat_a,
          abyss_entry_flame_altar, hell_entry, xom_teletrap_fun,
          chei_slow_surprise
Hell
Zot:1:    lemuel_draconian_sentries_small, layout_concentric_octagons
Zot:2:    layout_cathedral_of_symmetry, grunt_megastairs_3
Zot:3:    layout_basic
Zot:4:    ebering_klown_carousel, layout_gridlike, ebering_ghost_rock_garden,
          uniq_josephina, uniq_grunn
Zot:5:    layout_basic, lemuel_flame_loot_1

Skill      XL: |  1  2  3  4  5  6  7  8  9 10 11 12 13 14 15 16 17 18 19 20 21 22 23 24 25 26 27 |
---------------+----------------------------------------------------------------------------------+-----
Earth Magic    | 2 3 4 |  4.0
Fighting       | 3 4 5 6 8 10 12 13 14 15 17 18 19 20 22 24 27 | 27.0
Spellcasting   | 2 |  2.1
Long Blades    | 3 4 5 7 9 10 11 12 13 14 | 14.9
Stealth        | 1 2 3 5 7 9 11 12 13 | 13.0
Armour         | 3 5 6 7 9 10 12 13 14 15 16 18 21 23 25 | 25.7
Shields        | 5 9 14 15 16 17 18 21 | 21.0
Invocations    | 1 4 6 7 9 10 11 12 14 15 19 | 19.3
Dodging        | 4 5 7 8 9 10 11 12 17 | 17.0
Evocations     | 4 5 7 8 9 10 12 14 | 14.0
Throwing       | 3 |  3.1
Polearms       | 9 14 | 14.0

Action                   |  1- 3 |  4- 6 |  7- 9 | 10-12 | 13-15 | 16-18 | 19-21 | 22-24 | 25-27 || total
-------------------------+-------+-------+-------+-------+-------+-------+-------+-------+-------++-------
Melee: Club              |    45 |       |       |       |       |       |       |       |       ||    45
       Long sword        |       |    31 |   162 |   299 |  1199 |  1421 |  1951 |   759 |       ||  5822
       Demon trident     |       |       |       |       |       |       |       |  1538 |  2904 ||  4442
       Bite              |       |       |       |       |       |       |       |       |   178 ||   178
Throw: Dart              |       |     2 |     8 |     5 |     2 |    25 |       |       |       ||    42
       Stone             |       |       |       |    70 |    76 |    61 |       |       |       ||   207
       Boomerang         |       |       |       |     1 |     3 |     3 |   124 |    33 |   128 ||   292
       Javelin           |       |       |       |     1 |       |     1 |       |       |       ||     2
 Cast: Sandblast         |    40 |    15 |       |       |       |       |       |       |       ||    55
Invok: Draw Destruction  |       |       |     2 |     1 |    17 |    18 |    14 |       |     6 ||    58
       Draw Summoning    |       |       |     1 |       |     3 |     2 |     3 |       |     2 ||    11
       Stack Five        |       |       |       |       |     2 |       |     1 |       |     1 ||     4
       Deal Four         |       |       |       |       |     4 |     6 |     6 |     7 |    17 ||    40
       Draw Stack        |       |       |       |       |     4 |     1 |     4 |       |     6 ||    15
       Draw Escape       |       |       |       |       |       |     1 |     1 |       |     4 ||     6
 Abil: Dig               |       |       |       |       |       |       |     2 |       |     3 ||     5
       Shaft Self        |       |       |       |       |       |       |       |       |     1 ||     1
Evoke: Wand              |       |     3 |     5 |     1 |     7 |     6 |     4 |       |     8 ||    34
       Condenser vane    |       |       |       |       |     1 |     3 |     2 |     1 |     9 ||    16
       Lightning rod     |       |       |       |       |       |     9 |     8 |     4 |    10 ||    31
       Phial of floods   |       |       |       |       |       |     3 |     2 |       |     1 ||     6
       Tin of tremorston |       |       |       |       |       |       |       |       |     7 ||     7
       Phantom mirror    |       |       |       |       |       |       |       |       |     5 ||     5
       Horn of Geryon    |       |       |       |       |       |       |       |       |     1 ||     1
       Box of beasts     |       |       |       |       |       |       |       |       |     1 ||     1
  Use: Potion            |     1 |       |       |     1 |       |     1 |     3 |       |    24 ||    30
       Scroll            |       |       |       |    25 |     5 |     3 |     1 |     2 |     9 ||    45
 Stab: Sleeping          |       |     1 |     5 |       |    14 |     6 |     8 |    11 |     8 ||    53
       Paralysed         |       |       |     1 |       |       |       |       |       |       ||     1
       Distracted        |       |       |       |       |     5 |       |       |     3 |    10 ||    18
       Petrified         |       |       |       |       |     4 |       |       |       |       ||     4
       Invisible         |       |       |       |       |       |    38 |    23 |    13 |    22 ||    96
Armor: Skin              |    14 |       |     1 |       |       |       |       |       |       ||    15
       Leather armour    |    22 |     9 |    50 |       |       |       |       |       |       ||    81
       Scale mail        |       |       |       |    87 |   262 |   273 |   354 |   359 |   132 ||  1467
       Ice dragon scales |       |       |       |       |    29 |       |       |       |       ||    29
       Storm dragon scal |       |       |       |       |       |       |       |       |   498 ||   498
Dodge: Dodged            |    29 |    11 |    74 |    76 |   302 |   457 |   603 |   610 |   919 ||  3081
Block: Buckler           |    17 |     8 |    37 |   138 |   310 |       |       |       |       ||   510
       Reflection        |       |       |       |     8 |    50 |   179 |   180 |    17 |       ||   434
       Tower shield      |       |       |       |       |   406 |  1819 |  2065 |  1662 |  1724 ||  7676

Table legend: (Time is in decaauts)
 A = Elapsed time spent in this place.
 B = Non-inter-level travel time spent in this place.
 C = Inter-level travel time spent in this place.
 D = Time resting spent in this place.
 E = Time spent auto-exploring this place.
 F = Levels seen in this place.
 G = Mean time per level.
                   A        B        C        D        E       F      G
               +--------+--------+--------+--------+--------+-----+--------+
         Total |  83453 |  77099 |   6354 |  17570 |  37141 |  55 | 1517.3 |
       Dungeon |  18901 |  16659 |   2242 |   1934 |  10899 |  15 | 1260.1 |
        Temple |    220 |    199 |     21 |      0 |    167 |   1 |  220.0 |
          Lair |   6819 |   6208 |    611 |    623 |   3938 |   5 | 1363.8 |
        Shoals |   8050 |   7831 |    219 |   2682 |   2605 |   4 | 2012.5 |
     Snake Pit |   9169 |   8748 |    421 |   3589 |   2893 |   4 | 2292.2 |
  Orcish Mines |   2917 |   2765 |    152 |   1020 |    863 |   2 | 1458.5 |
   Elven Halls |   4972 |   4782 |    190 |   1303 |   2145 |   3 | 1657.3 |
        Vaults |  10637 |   9277 |   1360 |   1494 |   4737 |   5 | 2127.4 |
         Crypt |   2368 |   2075 |    293 |    272 |   1072 |   3 |  789.3 |
        Depths |   5961 |   5544 |    417 |   1345 |   2542 |   4 | 1490.2 |
          Hell |    154 |    154 |      0 |      0 |      0 |   1 |  154.0 |
           Zot |  10600 |  10177 |    423 |   2319 |   4490 |   5 | 2120.0 |
        Bazaar |    108 |    108 |      0 |      0 |     51 |   1 |  108.0 |
      Ice Cave |   2146 |   2146 |      0 |    964 |    581 |   1 | 2146.0 |
        Wizlab |    424 |    424 |      0 |     20 |    154 |   1 |  424.0 |
               +--------+--------+--------+--------+--------+-----+--------+

Top non-repeatable levels by time:
 Snake:2: 3008 daAuts
   Zot:5: 2951 daAuts
 Snake:3: 2726 daAuts
   Elf:3: 2707 daAuts
Shoals:4: 2642 daAuts
Vaults:4: 2513 daAuts
Shoals:3: 2498 daAuts
Vaults:1: 2421 daAuts
   Zot:4: 2173 daAuts
   IceCv: 2146 daAuts
Vaults:5: 2142 daAuts
     D:9: 2135 daAuts
   Zot:3: 2035 daAuts
Depths:1: 1984 daAuts
Shoals:2: 1933 daAuts
